[Event "FRA-ch Teams Top 16-B 2022"]
[Site "Chartres"]
[Date "2022.06.11"]
[Round "3.12"]
[White "Brunner, Nicolas"]
[Black "Godart, Francois"]
[Result "1/2-1/2"]
[ECO "D31"]
[WhiteElo "2454"]
[BlackElo "2399"]
[Annotator "TA"]
[PlyCount "78"]
[EventDate "2022.06.09"]
[EventType "team-tourn"]
[EventCountry "FRA"]
[SourceTitle "playchess.com"]
[Source "ChessBase"]
[SourceQuality "1"]
[TimeControl "40/5400+30:1800+30"]

1. d4 d5 2. c4 e6 3. Nc3 c6 4. e4 dxe4 5. Nxe4 Bb4+ 6. Bd2 Qxd4 7. Bxb4 Qxe4+ 8. Ne2 Na6 9. Bf8 Ne7 ({Don't take} 9... Qe5 10. Qd2 $1 Qf6 11. Bd6 $14) 10. Bxg7 {[%emt 0:00:08] D31: Queen's Gambit Declined: Semi-Slav without ...Nf6 (+ Marshall Gambit and Noteboom) and Exchange Variation lines without ...Nf6.} Nb4 {[%emt 0:00:41] White must now prevent ...Rg8.} 11. Qd6 Nd3+ 12. Kd2 Nf5 13. Qxd3 {[%emt 0:00:05] Really sharp!} Qxd3+ 14. Kxd3 Nxg7 15. Kc3 c5 16. g3 b6 17. Bg2 {[%emt 0:00:20] Inhibits Bb7.} Rb8 {[%emt 0:00:06] [#]} 18. Rad1 $146 ({Predecessor:} 18. Nf4 Bb7 19. Bxb7 Rxb7 20. Rhe1 Kd7 21. Rad1+ Kc8 22. a3 Rd8 23. Rxd8+ Kxd8 24. g4 {½-½ (55) Navara,D (2739)-Flear,G (2439) Chartres 2017}) 18... Bb7 19. Bxb7 Rxb7 20. h4 Rd7 21. Rxd7 Kxd7 $11 {[%emt 0:00:04][%mdl 4096] Endgame KRN-KRN} 22. g4 Ke7 23. Ng3 h5 24. f3 hxg4 25. fxg4 f5 26. g5 {[%emt 0:08:51] [#]} (26. gxf5 $1 $11 exf5 27. Kd3) 26... Nh5 (26... f4 $1 $17 27. Ne4 e5) 27. Nxh5 Rxh5 {[%emt 0:00:05] KR-KR} 28. Kd3 Kf7 29. Ke3 Kg6 (29... e5 $1 $11) 30. Kf4 $16 Rh8 31. Ke5 Rf8 32. Rf1 (32. Kxe6 f4 $11) (32. Rh3 $1 $14) 32... Rd8 (32... Rh8 $5 ) 33. Rh1 (33. Kxe6 $5 Rh8 34. Rh1 $11 (34. Rxf5 Rxh4 35. Rf6+ Kxg5 $11)) 33... Rf8 34. b3 ({Much worse is} 34. Kxe6 f4 $11) (34. Rh3 $1 $14) 34... f4 $11 {[%emt 0:03:59] The position is equal.} 35. Rf1 f3 36. Ke4 f2 37. Ke3 Rh8 38. Rxf2 {[%emt 0:00:06] Hoping for Rf4.} Rxh4 39. Rg2 Rd4 {[%emt 0:10:56] Weighted Error Value: White=0.13 (very precise) /Black=0.17 (very precise)} 1/2-1/2

[Event "FRA-ch Teams Top 16-B 2022"]
[Site "Chartres"]
[Date "2022.06.11"]
[Round "3.13"]
[White "Chabanon, Jean-Luc"]
[Black "Philippe, Christophe"]
[Result "1/2-1/2"]
[ECO "A87"]
[WhiteElo "2432"]
[BlackElo "2379"]
[Annotator "TA"]
[PlyCount "177"]
[EventDate "2022.06.09"]
[EventType "team-tourn"]
[EventCountry "FRA"]
[SourceTitle "playchess.com"]
[Source "ChessBase"]
[SourceQuality "1"]
[TimeControl "40/5400+30:1800+30"]

1. d4 f5 2. Nf3 Nf6 3. g3 g6 4. Bg2 Bg7 5. O-O O-O 6. c4 d6 7. Nc3 Qe8 8. d5 Na6 9. Nd4 Bd7 10. Rb1 c5 11. Ne6 {[%emt 0:11:01] A87: Dutch Defence: Leningrad System: 5 Nf3.} Bxe6 12. dxe6 Rb8 13. Nb5 Qc8 {[%emt 0:00:00] [#]} 14. Bg5 $146 ({Predecessor:} 14. Bd5 Nc7 15. Nxd6 exd6 16. e7+ Rf7 17. Bxf7+ Kxf7 18. Bf4 Ne6 19. Qxd6 Nxf4 20. Qxf4 Kxe7 {0-1 (38) Sur,V (1993)-Chashchev,S (2408) Sochi 2012}) 14... Nc7 15. Bxf6 Bxf6 16. Nxc7 Qxc7 17. a4 Kg7 18. Bd5 Qa5 19. Qb3 a6 20. Qa3 Qd2 21. e3 a5 (21... Rfc8 $11) 22. Qb3 $14 h5 23. h4 Qb4 24. Qc2 Ra8 25. Rfd1 Ra6 26. Rd3 Rb6 27. Kg2 Be5 (27... Bxb2 $2 28. Rd2 Qc3 29. Rxb2 $18) 28. Bf3 (28. b3 $16) 28... Rf6 (28... Bxb2 $2 29. Rd2 Rb8 30. Rxb2 $18) (28... Kf6 $1 $14) 29. Bd5 Rf8 30. Kh3 Bf6 (30... Bxb2 $2 31. Kg2) (30... Ra6 $16 {is a better defense.}) 31. b3 $18 Ra6 32. f4 (32. e4 $18) 32... Raa8 33. Qg2 Rab8 34. e4 ({White should play} 34. Bf3 $16) 34... Bd4 $11 35. Qe2 {[%emt 0:00:33] exf5 is the strong threat.} Rh8 36. Rf1 Rbf8 37. Rfd1 Qb6 38. Qg2 Rf6 39. Qe2 Qc7 40. Rxd4 (40. R3d2 {is more complex.} Bc3 41. Rc2 Bd4 42. Ra2) 40... cxd4 41. Rxd4 fxe4 42. Rxe4 Qc5 43. Qe3 (43. Qd3 $11) 43... b6 (43... Qxe3 $17 44. Rxe3 b6) 44. Qe2 Rhf8 45. Re3 Qd4 46. Rd3 Qc5 47. Qd2 Kh7 48. Re3 Kg7 49. Re1 Kh7 50. Rb1 Rf5 51. Rb2 Qg1 52. Qf2 (52. Qd3 $11) 52... Qc1 (52... Qxf2 $1 $17 53. Rxf2 Re5) 53. Rc2 Qb1 54. Rb2 $1 Qc1 (54... Qd3 $5 55. Kg2 Qc3 $15) 55. Qd2 (55. Rc2 $11 Qd1 56. Kh2) 55... Qg1 (55... Qxd2 $1 $17 56. Rxd2 Kg7) 56. Qg2 (56. Qf2 $11 Qxf2 57. Rxf2) 56... Qe3 $17 57. Qf3 Qc1 58. Rf2 {[%emt 0:00:25] [#]} Kg7 (58... Re5 $1 $17 {And now ...Re3 would win.} 59. Rf1 Re1 60. Rxe1 Qxe1) 59. Qd3 Qa1 60. Rf1 Qb2 61. Rf3 Kh6 62. Be4 R5f6 63. Qe3 Kg7 64. Bd5 {[%emt 0:00:30] Dancing on a razor blade.} Qb1 65. Kg2 {[%emt 0:00:21] Inhibits Qh1+.} Rb8 $1 $40 {[%emt 0:02:00][%mdl 128] White needs to defend precisely.} 66. Qc3 Kh7 67. Rf1 {[%emt 0:00:22] Active counter play!} Qa2+ 68. Rf2 Qa3 69. Qd3 Rbf8 70. Re2 Qc5 71. Bf3 Kg7 72. Re4 Kh7 73. Qe3 {[%emt 0:01:46] [#]} (73. Re2 $11 {remains equal.}) 73... Rf5 (73... Qxe3 $1 $17 74. Rxe3 Rc8) 74. Kf2 (74. Rd4 $11) 74... Kg7 ({Black should try} 74... Qxe3+ $17 75. Kxe3 Rd8) 75. Rd4 $1 $11 R8f6 76. Bd5 (76. Kg2 $11) 76... Re5 77. Qd3 Rexe6 ({Better is} 77... Qb4 $17 78. Qd1 Qc3) 78. Bxe6 {[%emt 0:00:07] The position is equal.} Rxe6 $17 {[%emt 0:00:02][%mdl 4096] Endgame KQR-KQR} 79. Kf1 Qb4 {[%emt 0:00:29] ( -> ...Qe1+)} 80. Re4 {[%emt 0:00:32] Against Qe1+} Rxe4 81. Qxe4 Qxb3 {[%emt 0:00:26] Threatens to win with ...Kf6.} 82. Qxe7+ $11 {[%emt 0:00:08] KQ-KQ} Kh6 83. Qf8+ Kh7 84. Qf7+ Kh6 85. Qf8+ Kh7 86. Qe7+ Kh6 {[%emt 0:00:18] White must now prevent ...Qf3+.} 87. Qg5+ Kh7 88. Qe7+ Kh6 {[%emt 0:00:07] aiming for ...Qf3+.} 89. Qf8+ {[%emt 0:00:05] Weighted Error Value: White=0.27 (precise) /Black=0.21 (precise)} 1/2-1/2

[Event "FRA-ch Teams Top 16-B 2022"]
[Site "Chartres"]
[Date "2022.06.11"]
[Round "3.14"]
[White "Savina, Anastasia"]
[Black "Dionisi, Thomas"]
[Result "1-0"]
[ECO "E52"]
[WhiteElo "2348"]
[BlackElo "2408"]
[Annotator "TA"]
[PlyCount "87"]
[EventDate "2022.06.09"]
[EventType "team-tourn"]
[EventCountry "FRA"]
[SourceTitle "playchess.com"]
[Source "ChessBase"]
[SourceQuality "1"]
[TimeControl "40/5400+30:1800+30"]

1. d4 Nf6 2. c4 e6 3. Nc3 Bb4 4. e3 O-O 5. Bd2 b6 6. Bd3 Bb7 7. Nf3 d5 8. cxd5 $1 {[%emt 0:00:11] 8.cxd5 scores better than 8.0-0.} exd5 9. Rc1 {[%emt 0:00:14] E52: Nimzo-Indian: Rubinstein: 4...0-0 5 Nf3 d5 6 Bd3 b6.} a6 10. Ne5 Bd6 11. f4 {[%emt 0:00:25] The position is equal.} c5 12. O-O Nc6 13. Ng4 Be7 14. Nxf6+ Bxf6 15. dxc5 (15. Qh5 g6 16. Qf3 Nb4 $15) 15... bxc5 (15... Nb4 16. Bb1 $16) 16. b3 {[%emt 0:00:44] [#] Threatening Na4.} (16. Qh5 g6 17. Qh3 (17. Qxd5 $2 Bxc3 18. Qxd8 Rfxd8 $19) 17... Re8 $15) 16... d4 $146 ({Predecessor:} 16... c4 17. bxc4 Nb4 18. Bb1 d4 19. Na4 a5 20. Nc5 Bc6 21. a3 Na6 22. Nxa6 Rxa6 {1-0 (43) Bluebaum,M (2642)-Nagy,G (2507) Germany 2022}) 17. Ne4 dxe3 18. Nxf6+ Qxf6 19. Bxe3 Rfd8 {[%emt 0:03:47] Threatens to win with ...Nb4.} 20. Bxc5 Nd4 {[%emt 0:11:32] Against Qf3} 21. Kh1 ({Better is} 21. Rf2 $14) 21... Rd7 (21... Ne6 $11) 22. Qh5 (22. Bb1 $14) 22... g6 $11 23. Qh3 Rad8 24. f5 {[%emt 0:06:57] Prevents Ne6.} g5 (24... Nxf5 $11 {remains equal.} 25. Bxf5 gxf5) 25. Bc4 $16 {[%emt 0:02:32] A strong pair of Bishops.} Nb5 {[%emt 0:04:49] [#]} 26. Rce1 (26. Bb4 $1 $18) 26... Rd2 27. Rf2 (27. Be7 Rxg2 28. Rf3 (28. Bxf6 $2 {perishes.} Rg3+ 29. Qg2 Rxg2 $19) 28... Qc3 29. Kxg2 (29. Rxc3 $2 Rg3+ 30. Qg2 Rxg2 $19) (29. Bxf7+ Kg7 $17) 29... Qxe1 30. Bxg5 (30. Bxd8 $2 Nd4 $19) 30... Rd1 31. Bxf7+ Kxf7 32. Qxh7+ Ke8 33. Qxb7 Qg1+ 34. Kh3 Qxg5 35. Qc8+ Kf7 36. Qc4+ Kf8 $17) 27... Rxf2 28. Bxf2 Nc3 29. Qg4 {[%emt 0:04:23] Black must now prevent h4.} Nd5 $2 (29... Rd2 $16 30. Kg1 Bc6) 30. Bd4 $18 Qh6 31. Be5 {[%emt 0:00:29] Inhibits Nf4.} (31. Qe2) 31... Re8 (31... Nf6 $142 32. Rd1 Nxg4 33. Rxd8+ Qf8 34. Rxf8+ Kxf8) 32. Bxd5 $2 $40 {[%emt 0:00:31][%mdl 128] White attacks.} (32. Re2 $18) 32... Bxd5 $14 33. h3 {[%emt 0:00:30] Strongly threatening Kh2.} f6 34. Bc3 Rxe1+ 35. Bxe1 {[%emt 0:00:01][%mdl 4096] Endgame KQB-KQB} Qf8 $1 36. Qd4 Qd6 {[%emt 0:00:43][%cal Od5g2] ...Bxg2+! is the strong threat.} 37. Bc3 Qc6 38. Kh2 Bxg2 $2 (38... Kf7 $14) 39. Qd8+ $18 (39. Qxf6 Qxf6 40. Bxf6 Be4 $14) 39... Kg7 40. Qe7+ {[%emt 0:00:30] White mates.} Kh6 41. Qf8+ Kh5 42. Qf7+ Kh6 {[%emt 0:00:11] [#]} 43. Bb4 $1 ({Weaker is} 43. Bxf6 Qd6+ 44. Be5 (44. Kxg2 Qd2+ 45. Kh1 Qe1+ 46. Kg2 Qe2+ 47. Kh1 Qe1+ 48. Kg2 Qe2+ 49. Kh1 Qe1+ $11) 44... Qxe5+ $11) 43... g4 44. Bd2# {[%emt 0:00:43] Weighted Error Value: White=0.42/Black=0.57} 1-0

[Event "FRA-ch Teams Top 16-B 2022"]
[Site "Chartres"]
[Date "2022.06.11"]
[Round "3.15"]
[White "Brochet, Philippe"]
[Black "Nezar, Mustapha"]
[Result "1/2-1/2"]
[ECO "C42"]
[WhiteElo "2390"]
[BlackElo "2357"]
[Annotator "TA"]
[PlyCount "137"]
[EventDate "2022.06.09"]
[EventType "team-tourn"]
[EventCountry "FRA"]
[SourceTitle "playchess.com"]
[Source "ChessBase"]
[SourceQuality "1"]
[TimeControl "40/5400+30:1800+30"]

1. e4 e5 2. Nf3 Nf6 3. Nxe5 d6 4. Nf3 Nxe4 5. d4 d5 6. Bd3 Be7 7. O-O Nd6 {[%emt 0:04:15] 7...Bf5 is the modern continuation.} 8. Bf4 O-O 9. Re1 Be6 {[%emt 0:06:32] [#] C42: Petroff Defence: 3 Nxe5 and unusual White 3rd moves.} 10. Qd2 $146 {[%emt 0:11:42] White is more active.} ({Predecessor:} 10. Nbd2 Nd7 11. c3 Re8 12. Qc2 h6 13. Re2 Rc8 14. Rae1 Nf8 15. h3 c6 16. b3 b6 17. Qb2 {½-½ (44) Shahil,D (2369)-Roy,P (2366) Budapest 2022}) 10... Nc6 11. Ng5 {[%emt 0:07:29] Inhibits Ne4.} Bf5 12. h4 (12. Bxf5 $11 {keeps the balance.} Nxf5 13. Nf3) 12... Qd7 ({Black should try} 12... Nxd4 $17 {And now ...h6 would win.} 13. c3 h6 14. cxd4 Bxd3 15. Qxd3 hxg5 16. hxg5 Bxg5) 13. Nc3 $11 Nc4 14. Bxf5 (14. Bxc4 $5 dxc4 15. d5 $11) 14... Qxf5 15. Qd3 Qxd3 16. cxd3 Nxb2 17. Nxd5 {[%emt 0:14:01] [#]} Nxd3 $1 18. Nxe7+ Nxe7 19. Rxe7 Nxf4 20. Rxc7 b6 21. a4 h6 22. Nf3 Rfc8 23. Rb7 Rcb8 24. Rxb8+ Rxb8 {[%emt 0:00:05][%mdl 4096] Endgame KRN-KRN} 25. g3 Nd5 26. Rc1 Rd8 27. Kf1 h5 28. Ke2 f6 29. Nd2 Re8+ 30. Kf3 Kf7 31. Nc4 {[%emt 0:00:58] Black must now prevent Nd6+.} Rd8 {[%emt 0:01:15] Prevents Nd6+.} 32. Ne3 Ke6 33. Ke4 {[%emt 0:01:36] Strongly threatening Rc6+.} Nxe3 34. fxe3 {[%emt 0:00:01] KR-KR} Kd6 (34... Re8 $11) 35. Kf5 $14 Re8 36. Rc3 a6 $1 37. Kg6 Re4 $2 (37... b5 $1 $14) 38. Kxh5 $2 ({Only move:} 38. Kxg7 $18 {Rb3 is the strong threat.} Ke7 39. Kh6) 38... b5 $11 39. axb5 axb5 40. g4 {[%emt 0:00:42] Hoping for g5.} (40. Kg6 $5 ) 40... g6+ $2 (40... b4 41. Rb3 $16) (40... Ke6 $11) 41. Kxg6 $18 Rxg4+ 42. Kxf6 Rxh4 43. Kf5 Rh1 44. Ke4 Rd1 45. Rc5 Rb1 46. Kd3 Rb3+ 47. Kd2 b4 48. Rb5 $2 ({Better is} 48. Ke2 $18 Rb2+ 49. Kd3 Rb3+ 50. Kd2) 48... Kc6 $1 $11 49. Rb8 Kd5 $2 {[%emt 0:00:00][%mdl 8192] [#]} (49... Kc7 $11 50. Re8 Rc3) 50. Rd8+ $2 ({Weaker is} 50. Rb5+ Kc6 51. Ra5 Rb2+ 52. Kd3 Rb3+ 53. Ke4 Rb2 $16) (50. Ke2 $1 $18 Rb2+ 51. Kf3) 50... Kc4 $2 (50... Ke4 $11) 51. Rc8+ $18 Kd5 52. Rc5+ Kd6 $1 {[%emt 0:00:00] [#]} 53. Re5 $2 (53. Ke2 $1 $18 Rb2+ 54. Kd3 Rb3+ 55. Kd2) 53... Kc6 $11 54. Rh5 Kd6 $2 (54... Rc3 $11) 55. Ke2 Kc6 56. Rh1 $2 ({White has to play} 56. Rc5+ $18 Kd6 57. e4) 56... Kd5 57. Rh5+ $2 (57. e4+ $11 Kxe4 58. Rd1) 57... Kc6 $18 58. Rh1 $2 (58. Rc5+ $18 Kd6 59. e4) 58... Kd5 $11 {[%emt 0:00:07] The position is equal.} 59. Kf3 {[%emt 0:00:29] Threatens to win with Rc1.} ({Don't play} 59. Rh5+ $6 Kc6 $16) 59... Rc3 {[%emt 0:02:02] Against Rc1} 60. Rh5+ Kc4 61. Rc5+ Kd3 62. Rb5 b3 63. Kf4 Kc2 64. d5 {[%emt 0:00:49] aiming for e4.} b2 65. d6 Rd3 66. Rc5+ Kd2 67. Rb5 Kc2 68. Rc5+ Kd2 69. Ke5 $2 {[%emt 0:01:43][%mdl 40960] What a bad dream for White.  Weighted Error Value: White=1.07/Black=0.20 (precise) . An unexpected result.} (69. Rb5 $11 Kc2) 1/2-1/2

[Event "FRA-ch Teams Top 16-B 2022"]
[Site "Chartres"]
[Date "2022.06.11"]
[Round "3.16"]
[White "Steil-Antoni, Fiona"]
[Black "Monpeurt, Cyrielle"]
[Result "1/2-1/2"]
[ECO "B45"]
[WhiteElo "2198"]
[BlackElo "2172"]
[Annotator "TA"]
[PlyCount "77"]
[EventDate "2022.06.09"]
[EventType "team-tourn"]
[EventCountry "FRA"]
[SourceTitle "playchess.com"]
[Source "ChessBase"]
[SourceQuality "1"]
[TimeControl "40/5400+30:1800+30"]

1. e4 c5 2. Nf3 Nc6 3. d4 cxd4 4. Nxd4 Nf6 5. Nc3 e6 6. Nxc6 bxc6 7. e5 Nd5 8. Ne4 Qa5+ 9. Bd2 Qc7 {[%emt 0:00:15] B45: Sicilian Four Knights.} (9... Qb6 $5 ) 10. Qh5 {[%emt 0:00:51] [#] Black must now prevent c4.} Bb7 $146 (10... h6 $11) ({Predecessor:} 10... g6 11. Qg5 Be7 12. Qg3 f5 13. Nd6+ Bxd6 14. exd6 Qd8 15. c4 Nf6 16. Qe5 Kf7 17. Bc3 {1-0 (33) Konguvel,P (2404)-Garcia Paolicchi,R (2228) Andorra 2006}) 11. Bd3 {[%emt 0:12:52] White is much more active. The black rooks are badly placed.} ({Better is} 11. O-O-O $16) 11... O-O-O (11... c5 $11 {remains equal.}) 12. a3 f5 13. exf6 $1 gxf6 14. g3 (14. c4 $1 $14 Nf4 15. Bxf4 Qxf4 16. g3) 14... c5 $132 {[%emt 0:09:52][%mdl 2048] Black is fighting back} 15. Qe2 Be7 (15... Bg7 $11) 16. O-O-O (16. b4 $14) 16... Nb6 $1 $15 ({Don't take} 16... f5 17. Nc3 $11) 17. Ba6 Kb8 (17... d5 $1 $15 18. Nc3 e5) 18. Bxb7 $11 (18. Bc3 {is interesting.} d5 19. Bxb7 Qxb7 20. Bxf6 dxe4 21. Bxh8 Rxh8 22. Qg4) 18... Qxb7 19. Ba5 d5 20. Nd2 {[%emt 0:00:00] [#]} (20. Bxb6 $15 Qxb6 21. Nc3) 20... e5 (20... Na4 $1 $17 21. Nf3 (21. b3 c4 $15) 21... Nxb2 22. Bxd8 Nc4) 21. Qb5 (21. Bxb6 $11 Qxb6 22. c4) 21... Rd6 $15 22. c4 {[%emt 0:05:00] [#]} dxc4 (22... d4 $1 $17) 23. Nxc4 $14 Nxc4 24. Qxc4 {[%emt 0:00:00] Strongly threatening Rxd6.} Rd4 25. Qc2 c4 26. Bc3 ({White should try} 26. Rhe1 $14) 26... Bc5 (26... Rd3 $1 $11) 27. Bxd4 $16 Bxd4 28. Rhe1 Rc8 29. Re2 (29. Kb1 $16) 29... c3 $14 30. b4 Qa6 31. Qa2 Qa4 32. Rc2 a6 (32... a5 $11 {keeps the balance.}) 33. Rd3 (33. Kb1 $16) 33... Rc7 (33... Qb5 $5 34. Rd1 h5 $16) 34. f3 Qb5 35. Rd1 Qa4 36. Rd3 Qb5 37. Rd1 Rc4 (37... Qa4 $11) 38. Kb1 ({White should play} 38. f4 $16) 38... a5 $11 39. Ka1 {[%emt 0:00:30] Weighted Error Value: White=0.38/Black=0.44} 1/2-1/2

[Event "FRA-ch Teams Top 16-B 2022"]
[Site "Chartres"]
[Date "2022.06.11"]
[Round "3.17"]
[White "Erigaisi Arjun"]
[Black "Vocaturo, Daniele"]
[Result "1-0"]
[ECO "D00"]
[WhiteElo "2675"]
[BlackElo "2608"]
[Annotator "TA"]
[PlyCount "75"]
[EventDate "2022.06.09"]
[EventType "team-tourn"]
[EventCountry "FRA"]
[SourceTitle "playchess.com"]
[Source "ChessBase"]
[SourceQuality "1"]
[TimeControl "40/5400+30:1800+30"]

1. d4 Nf6 2. Nc3 d5 3. Bf4 a6 4. e3 b5 5. Nf3 e6 6. Bd3 {[%emt 0:01:20] D00: 1 d4 d5: Unusual lines.} Bb7 7. Ne2 c5 8. c3 {[%emt 0:00:08] The position is equal.} Nc6 9. Ng3 Bd6 {[%emt 0:04:54] [#]} 10. Bg5 $146 ({Predecessor:} 10. O-O O-O 11. dxc5 Bxc5 12. e4 Re8 13. e5 Nd7 14. Re1 f5 15. Bxf5 Qb6 16. Bxh7+ Kxh7 {1-0 (24) Madaminov,M (2328)-Demchenko,A (2654) Chess.com INT 2022}) 10... h6 11. Bxf6 gxf6 12. dxc5 Bxc5 13. b4 Bd6 14. a4 bxa4 15. Qxa4 Kf8 16. O-O h5 17. Rfc1 h4 18. Nf1 f5 19. Qd1 Rg8 20. Qe2 $2 (20. N1d2 $11) 20... Ne5 $1 $17 21. Nxe5 Bxe5 22. f3 Qb6 (22... Qf6 $142 23. Ra3 f4 24. exf4 Qxf4) 23. h3 f4 (23... Kg7 $17) 24. Kh1 $11 fxe3 25. Nxe3 Bf4 {[%emt 0:01:57] This bishop pair is nice.} 26. Re1 (26. Ng4 $11) 26... d4 27. Ng4 Bc7 $2 {[%emt 0:08:03] [#]} (27... dxc3 $11 28. Nf6 Rd8 $1 29. Nxg8 Kxg8) 28. Qd2 $1 $16 {[%emt 0:01:50] Black must now prevent Qh6+. White is more active.} Qd6 {[%emt 0:04:24][%cal Og8g4] Threatens to win with ...Rxg4!} 29. Qh6+ Rg7 $2 (29... Ke8 $16 {was worth a try.} 30. Qxh4 dxc3) 30. cxd4 $2 (30. Qxh4 Qg3 31. Qh8+ Rg8 32. Qh6+ Rg7 $11) ({Not} 30. Qh8+ Rg8 31. Qh6+ (31. Qxd4 $2 Qg3 $19) 31... Ke8 32. Qxh4 Qg3 33. Qxg3 Bxg3 $16) ({Better is} 30. Re5 $18 Bd8 31. cxd4) 30... Qxd4 $2 (30... Qg3 $11 31. Qh8+ Rg8 32. Qh6+ Rg7 33. Qh8+ Rg8 34. Qh6+ Rg7) 31. Qh8+ Ke7 32. Qxh4+ Kf8 33. Rad1 {[%emt 0:02:29] Dancing on a razor blade.} Qxb4 (33... Qf4 34. Be4 Bxe4) 34. Be4 $18 Bxe4 35. Rxe4 Qb3 36. Red4 {[%emt 0:00:33] White mates.} Qb5 37. Nf6 Bb6 38. Rd7 {[%emt 0:00:55] Never resign too early!  Weighted Error Value: White=0.26 (precise) /Black=0.65} 1-0

[Event "FRA-ch Teams Top 16-B 2022"]
[Site "Chartres"]
[Date "2022.06.11"]
[Round "3.18"]
[White "Amin, Bassem"]
[Black "Nihal Sarin"]
[Result "1/2-1/2"]
[ECO "C42"]
[WhiteElo "2686"]
[BlackElo "2646"]
[Annotator "TA"]
[PlyCount "60"]
[EventDate "2022.06.09"]
[EventType "team-tourn"]
[EventCountry "FRA"]
[SourceTitle "playchess.com"]
[Source "ChessBase"]
[SourceQuality "1"]
[TimeControl "40/5400+30:1800+30"]

1. e4 e5 2. Nf3 Nf6 3. Nxe5 d6 4. Nf3 Nxe4 5. Nc3 Nxc3 6. dxc3 Be7 7. Be3 O-O 8. Qd2 {[%emt 0:00:32] C42: Petroff Defence: 3 Nxe5 and unusual White 3rd moves.} Nd7 9. O-O-O c6 10. Kb1 d5 11. c4 Nb6 {[%emt 0:03:03] [#]} 12. Bxb6 $146 ({Predecessor:} 12. cxd5 Nxd5 13. Bc4 Bf5 14. Bxd5 cxd5 15. Qxd5 Qc8 16. Nd4 Bg6 17. Ka1 Re8 18. Rhe1 {0-1 (39) Robson,R (2660)-Caruana,F (2804) Saint Louis 2018}) 12... Qxb6 13. cxd5 Bf6 {[%emt 0:01:01][%csl Gf6][%cal Rb6b2] [#]} 14. c3 Rd8 15. Qc2 (15. Qe3 $11) 15... Rxd5 16. Rxd5 cxd5 17. Bd3 h6 18. Re1 {[%emt 0:03:38][%cal Re1e8] [#]} Be6 19. Qd2 Rc8 {[%emt 0:11:40] aiming for ...Bxc3.} 20. Nd4 Bxd4 21. cxd4 Kf8 22. Qf4 Qc7 23. Qxc7 Rxc7 $11 {[%emt 0:00:12][%mdl 4096] Endgame KRB-KRB} 24. f4 Re7 25. Kc1 f6 26. Kd2 Ke8 27. Bg6+ Kd8 28. Re3 Bd7 {[%emt 0:00:57] The position is equal.} 29. Bd3 Rxe3 30. Kxe3 g5 {[%emt 0:01:44] Weighted Error Value: White=0.10 (very precise) /Black=0.06 (flawless)} 1/2-1/2

[Event "FRA-ch Teams Top 16-B 2022"]
[Site "Chartres"]
[Date "2022.06.11"]
[Round "3.19"]
[White "Mendonca, Leon Luke"]
[Black "Gharamian, Tigran"]
[Result "1/2-1/2"]
[ECO "D37"]
[WhiteElo "2551"]
[BlackElo "2602"]
[Annotator "TA"]
[PlyCount "109"]
[EventDate "2022.06.09"]
[EventType "team-tourn"]
[EventCountry "FRA"]
[SourceTitle "playchess.com"]
[Source "ChessBase"]
[SourceQuality "1"]
[TimeControl "40/5400+30:1800+30"]

1. d4 d5 2. c4 e6 3. Nf3 Nf6 4. Nc3 Nbd7 5. Bf4 dxc4 6. e3 {[%emt 0:00:29] D37: Queen's Gambit Declined: 5 Bf4.} c5 7. Bxc4 {[%emt 0:02:31] And now Nb5 would win.} a6 {[%emt 0:02:28] Against Nb5} 8. O-O {[%emt 0:11:49][%cal Bh1f1,Bf1d1,Bd1d4,Bd4c4][%mdl 32] [#] Hoping for d5. White is slightly better.} Be7 $146 ({Predecessor:} 8... cxd4 9. exd4 Nb6 10. Bb3 Be7 11. Rc1 O-O 12. Ne5 Bd7 13. Qf3 Bc8 14. Rfd1 Nfd5 {½-½ (40) Tolstikh,N-Obukhov,A Cheliabinsk 1989}) 9. d5 Nb6 10. d6 Bxd6 11. Bxd6 Nxc4 12. Bxc5 {[%emt 0:00:42] Qxd8+ is the strong threat.} Qxd1 13. Rfxd1 Bd7 14. Rd4 Rc8 15. Rxc4 $16 b6 16. Na4 bxc5 17. Nxc5 Ke7 18. Rac1 Rhd8 19. h3 {[%emt 0:13:44] White is more active.} (19. Nxa6 Rxc4 20. Rxc4 Bb5 21. Rc7+ Ke8 $17) 19... Nd5 20. a3 ({And not} 20. Nxa6 Rxc4 21. Rxc4 Bb5 $17) 20... f6 21. Nxd7 {[%emt 0:07:46] Pair of Knights!} ({Don't play} 21. Nxa6 $6 Rxc4 22. Rxc4 Bb5 $11) 21... Rxc4 22. Rxc4 Rxd7 {[%emt 0:00:07][%mdl 4096] Endgame KRN-KRN} 23. Rc6 a5 24. Nd4 e5 (24... Rd6 $16 25. Rc5 a4) 25. Nf5+ $18 Kd8 (25... Kf8 $142 26. Ra6 Nc7 27. Rxa5 Rd1+ 28. Kh2 Rd2) 26. g4 g6 (26... Ne7 $142 27. Nxe7 Kxe7) 27. Nd6 Rc7 28. Rxc7 Kxc7 {[%emt 0:00:04] KN-KN} 29. Nc4 a4 30. Kf1 Kc6 31. Ke2 Kc5 32. Nd2 f5 33. gxf5 gxf5 34. Nf3 e4 35. Nd4 ({White should play} 35. Nd2 $16) 35... Kc4 $11 {[%emt 0:00:04] The position is equal.} 36. Nxf5 {[%emt 0:00:31] [#] Threatens to win with Kd2.} Kb3 37. Nd6 Kxb2 38. Nxe4 Kxa3 {[%emt 0:00:05] aiming for ...Kb2.} 39. Nc5 Kb4 40. Nxa4 Kxa4 {[%emt 0:00:03] KN-K3P} 41. Kf3 Nc3 42. e4 Kb5 43. Kf4 Kc6 44. Kf5 Kd7 45. f4 Ke7 46. e5 Nd5 47. Ke4 Nc3+ 48. Kf5 $1 Nd5 49. h4 Kf7 50. Ke4 Ne7 {[%emt 0:00:04] ( -> ...Kg6)} 51. f5 Nc6 52. Kd5 Ne7+ 53. Ke4 Nc6 54. Kd5 Ne7+ 55. Ke4 {[%emt 0:02:11] Black defended with fortune.  Weighted Error Value: White=0.10 (very precise) /Black=0.07 (flawless)} 1/2-1/2